[Event "CCT Final-KO 2024"]
[Site "Oslo"]
[Date "2024.12.20"]
[Round "1.5"]
[White "Carlsen, Magnus"]
[Black "Vachier-Lagrave, Maxime"]
[Result "1-0"]
[ECO "B22"]
[WhiteElo "2838"]
[BlackElo "2763"]
[Annotator "TA"]
[PlyCount "115"]
[EventDate "2024.12.11"]
[EventType "k.o."]
[EventCountry "NOR"]
[SourceTitle "playchess.com"]
[Source "ChessBase"]
[SourceQuality "1"]
[TimeControl "600+2"]

1. e4 c5 2. c3 d5 3. exd5 Qxd5 4. d4 Nf6 5. Nf3 Nc6 6. Be2 e6 7. O-O Be7 8. c4 Qd8 9. dxc5 O-O 10. Nc3 Bxc5 11. a3 a5 12. Na4 Ba7 13. Bf4 Bd7 14. Nc3 Bb8 15. Qc1 Bxf4 16. Qxf4 Qb8 17. Qe3 a4 18. Rad1 Ne7 19. Bd3 Bc6 20. Ne5 {[%emt 0:00:03] Repels Ng4} Ra5 21. Rfe1 h6 22. Bc2 Nf5 23. Qe2 Qa7 24. Bxf5 (24. Qd2 Ra8 25. Bxf5 exf5 26. Qd6) 24... exf5 25. Nxc6 bxc6 26. h3 (26. Qd2 Ra8 27. Qd4 Qxd4 28. Rxd4 Rb8 29. Re2) 26... Qc5 27. Qe7 (27. Qd3 {simplifies} Rfa8 28. Qd4 Nh7 29. Qxc5 Rxc5 30. Nxa4 Rxa4 31. Re8+) 27... Qxc4 $2 (27... Re8 $11 28. Qxc5 Rxe1+ 29. Rxe1 Rxc5) 28. Rd8 $2 (28. Qxf8+ $1 $18 {is the precise move to win.} Kh7 29. Re7) 28... Nh7 $16 29. Red1 {[%emt 0:01:01] and Rxf8+ would now be decisive White has more active pieces. The black rooks are passive.} Qe6 30. Qxe6 (30. Qb4 {is more complex.} Re5 31. Nxa4 Re2 32. R8d6) 30... fxe6 31. R8d6 Rb8 32. R1d2 (32. Rxe6 Rxb2 33. Rxc6 Nf6 $15) 32... e5 33. Rxc6 Nf6 34. Rc4 Rba8 35. f3 R8a7 36. Kf2 $36 {[%emt 0:00:02][%mdl 2048] White is more active.} Kh7 37. Rd6 e4 38. fxe4 (38. Rdd4 $142 $1) 38... Rb7 39. Rb4 $1 (39. Nxa4 $2 Nxe4+ (39... fxe4 40. Ke1 $16) 40. Rxe4 fxe4 $19) 39... Re7 40. Rdd4 (40. Nxa4 $2 {perishes.} Nxe4+ 41. Rxe4 Rxe4 $19) 40... fxe4 41. Rxa4 e3+ 42. Ke2 Rae5 {[%emt 0:00:15] [#]} 43. g4 $1 {[%emt 0:00:03] Wards off Nh5} h5 {[%emt 0:00:01] [#]} 44. Rac4 $1 Kg6 45. b4 Kg5 $2 (45... hxg4 46. hxg4 Re8) 46. a4 $18 Kh4 47. g5+ Kxg5 48. a5 Rf5 49. Ne4+ Kg6 50. Kxe3 (50. a6 $142) 50... Rf1 $2 (50... Nd5+ {was worth a try.} 51. Kd3 Nxb4+ 52. Rxb4 Rxa5 53. Rd6+ Kh7) 51. Kd2 Rh1 52. Nxf6 gxf6 {[%emt 0:00:01][%mdl 4096] Endgame KRR-KRR. White is a pawn up.} 53. Rd3 Ra1 54. Kc2 Re2+ 55. Kb3 Raa2 (55... Rf2 $142 56. Rg3+ Kf7) 56. Rf4 (56. Rg3+ Kf5 57. Rf3+ Kg5 58. Rc5+ Kh4 $18) 56... Reb2+ 57. Kc4 Kg5 58. Rdf3 1-0